 Dungeon Crawl Stone Soup version 0.29.1-12-g30fa7ad0bf (webtiles) character file.

Game seed: 15598454288969042850

501 wormed the Chopper (level 6, 12/56 HPs)
             Began as a Minotaur Berserker on Dec 20, 2022.
             Was a Believer of Trog.
             Quit the game on level 4 of the Dungeon.
             The game lasted 00:08:51 (4117 turns).

wormed the Chopper (Minotaur Berserker)             Turns: 4117, Time: 00:08:52

Health: 12/56      AC:  7    Str: 23    XL:     6   Next: 95%
Magic:  5/5        EV: 11    Int:  4    God:    Trog [**....]
Gold:   170        SH:  0    Dex: 10    Spells: 5/5 levels left

rFire   . . .      SeeInvis .   a - +0 hand axe
rCold   . . .      Faith    .   (no shield)
rNeg    . . .      Spirit   .   t - +0 ring mail
rPois   .          Reflect  .   (helmet restricted)
rElec   .          Harm     .   (no cloak)
rCorr   .          Rampage  .   e - +0 pair of gloves
Will    .....                   (no boots)
Stlth   ..........              (no amulet)
HPRegen 0.18/turn               (no ring)
MPRegen 0.09/turn               (no ring)

@: about to teleport, on berserk cooldown
A: horns 2, retaliatory headbutt
a: Renounce Religion, Berserk, Trog's Hand


You were on level 4 of the Dungeon.
You worshipped Trog.
Trog was pleased with you.
You visited 1 branch of the dungeon, and saw 4 of its levels.

You collected 170 gold pieces.

Inventory:

Hand Weapons
 a - a +0 hand axe (weapon)
Missiles
 l - a throwing net (quivered)
Armour
 e - a +0 pair of gloves (worn)
 t - a +0 ring mail (worn)
Scrolls
 d - a scroll of butterflies {unknown}
 f - 3 scrolls of immolation {unknown}
 h - 3 scrolls of teleportation
 j - 2 scrolls of blinking {unknown}
 k - 3 scrolls of identify {unknown}
 m - 2 scrolls of magic mapping {unknown}
 n - 3 scrolls of poison
 q - a scroll of fear {unknown}
Potions
 b - a potion of ambrosia {unknown}
 c - a potion of brilliance {unknown}
 g - a potion of curing {unknown}
 i - 2 potions of heal wounds {unknown}
 o - a potion of degeneration {unknown}
 p - a potion of mutation {unknown}
 r - a potion of cancellation {unknown}
 s - a potion of might {unknown}


   Skills:
 + Level 5.3 Fighting
 * Level 6.6 Axes
 + Level 4.5 Armour
 - Level 2.1 Dodging
 + Level 3.6 Shields


You had 5 spell levels left.
You didn't know any spells.
Your spell library was empty.

Dungeon Overview and Level Annotations

Branches:
Dungeon (4/15)             Temple (0/1) D:4

Altars:
Yredelemnul

Shops:
D:3 :

Annotations:
D:4 Eustachio


Innate Abilities, Weirdness & Mutations

You have a pair of horns on your head.
You reflexively headbutt those who attack you in melee.


Message History

Eustachio mumbles some strange words.
Eustachio blinks!
You hit the ufetubus.
You kill the ufetubus!
The ufetubus disappears in a puff of smoke!
A dart slug comes into view.
The dart slug launches a dart at you. The slug dart hits you.
Eustachio hits you with a +0 rapier.
The white imp shouts!
Eustachio hits you with a +0 rapier. x2
Eustachio attacks as you move away! Eustachio hits you with a +0 rapier.
Eustachio mumbles some strange words.
You completely miss the dart slug.
You feel yourself speed up. The dart slug launches a dart at you.
The slug dart hits you.
* * * LOW HITPOINT WARNING * * *
Eustachio mumbles some strange words.
The white imp gestures at you. The puff of frost misses you.
The puff of frost hits the bat!
The bat dies!
The bat's corpse disappears in a puff of smoke!
Eustachio calls on the powers of shadow!
The dart slug misses you.
As you read the scroll labelled HEOLLY REA, it crumbles to dust.
You feel strangely unstable.
It was a scroll of teleportation.
The river rat disappears in a puff of smoke! x2
The river rat bites you.
* * * LOW HITPOINT WARNING * * *
The bat hits you but does no damage.
Eustachio casts a spell.
Eustachio blinks!
The air fills with toxic fumes!
As you read the scroll labelled LURUF KOUGAI, it crumbles to dust.
It was a scroll of poison.
The bat hits you but does no damage. x2
The river rat closely misses you. The dart slug barely misses you.
You furiously retaliate!
You headbutt the dart slug.
Eustachio gestures wildly while chanting.
Unknown command.
Are you sure you want to abandon this character and quit the game? (Confirm with "yes".)

##.....#. ###§§§§§§§
...§§§§§§# #b§§§§# #.
#§§§§§# # #W# #§@§r§#
#.##.. #.§§§§##
...#.#### #5w§§§§###
..#......###@r§§§§§§#
......#§§§§rb#####§###
#.###§§§§§§§§.§§###...#
.....§§§§§§§.§§§§§....#
#.###§######..§#§§§§..##
#. ###.#####...## #
#.†......<.#
##.######...# #.# ##..#


You could see Eustachio, 2 river rats, a white imp (summoned), a dart slug, 2
bats and a rat (summoned).

Vanquished Creatures
  A phantom (D:4)
  A necrophage (D:4)
  A scorpion (D:4)
  A jelly (D:4)
  15 gnolls
  5 adders
  2 worms
  A dart slug (D:2)
  3 orcs (D:3)
  6 bats
  4 endoplasms
  2 giant cockroaches
  7 goblins
  11 hobgoblins
  9 jackals
  4 quokkas
  5 ball pythons
  4 frilled lizards
  6 kobolds
  6 rats
94 creatures vanquished.

Notes
Turn   | Place    | Note
-------+----------+-------------------------------------------
     0 | D:1      | wormed the Minotaur Berserker began the quest for the Orb.
     0 | D:1      | Reached XP level 1. HP: 19/19 MP: 0/0
   251 | D:1      | Reached XP level 2. HP: 24/27 MP: 1/1
   305 | D:1      | Reached skill level 4 in Axes
   430 | D:1      | Reached skill level 1 in Shields
   856 | D:2      | Reached ** piety under Trog
   875 | D:2      | Reached XP level 3. HP: 13/33 MP: 2/2
  1507 | D:2      | Reached XP level 4. HP: 22/40 MP: 3/3
  1513 | D:2      | Reached skill level 5 in Axes
  1811 | D:2      | Found a basalt altar of Yredelemnul.
  2252 | D:2      | Reached XP level 5. HP: 47/47 MP: 4/4
  2872 | D:3      | Identified the +1 helmet of the Cockroach {*Corrode rPois
                  | Int+4}
  3029 | D:3      | Reached XP level 6. HP: 35/55 MP: 5/5
  3196 | D:3      | Found Nanouxu's Book Boutique.
  3395 | D:3      | Reached *** piety under Trog
  3611 | D:4      | Reached skill level 5 in Fighting
  3611 | D:4      | Reached skill level 6 in Axes
  3679 | D:4      | Found a staircase to the Ecumenical Temple.
  4070 | D:4      | Noticed Eustachio
  4117 | D:4      | Quit the game

Illustrated notes

Levels and vault maps discovered:
D:1:      heliophobic_arrival_henge, layout_loops_ring, grunt_decor_one_mirror
D:2:      layout_loops_corners, basic_altar
D:3:      layout_basic, serial_shops, shop
D:4:      layout_rooms, jmf_multi_god_temple, kennysheep_mini,
          minmay_temple_entry_crystal_x, uniq_natasha, uniq_eustachio

Skill      XL: |  1  2  3  4  5  6 |
---------------+-------------------+-----
Axes           | 4 5 6 |  6.6
Shields        | 1 2 3 |  3.6
Fighting       | 4 5 |  5.3
Armour         | 3 4 |  4.5
Dodging        | |  2.1

Action                   |  1- 3 |  4- 6 || total
-------------------------+-------+-------++-------
Melee: Hand axe          |    77 |   185 ||   262
       Headbutt          |     8 |    21 ||    29
       Punch             |     2 |       ||     2
Invok: Berserk           |     1 |     4 ||     5
  Use: Scroll            |       |     2 ||     2
Armor: Animal skin       |    24 |    23 ||    47
       Ring mail         |       |    33 ||    33
Dodge: Dodged            |    81 |   113 ||   194
